Unix NetHack Version 5.0.0-0 post-release - last build Jun 10 2026 00:39:30 (3ee93aec679c4c4259841fe613dc97188e26a321,branch:main).

Game began 2026-06-28 16:49:02, ended 2026-06-28 17:01:54.

Japes, lawful male human Monk

                                       #--------     -------------
                                       #|......|     |...........|
                  ------------         #|.......     |...........|       -----
                  |..........|     #####|......|     |...........|   e@:#....|
                 #...........-######   #|......|     |............       |...|
                 #|..........|         #|......|     |...........|       |...|
              ####|..........|         #|...>..|     |...........|       |...|
              #   |..........-##########-----|--     ----|----.---       |...|
              #   |..........|             ######        ########0       -.---
             ##   ----------|-       #######  ###             #  ##       #
     ------- #          #####  #######     #  # #          ####   ###########
     |.....| #          #      #          ## ## #          #             -.-.-
     |.....| #          #      #       ---.- #  #          #             |...|
     |..<..-##         ##      #   ####-...|#0  #      #####             |(..|
     |.....|         --.--     # ###   |...|#  ##    ###                 |...|
     |......###      |...|      ##     |...|#  #-----|-------            |...|
     -------  #######|....#######      |...|#  #-...........|            -----
                    #|...|             -----    |...........|
                    #-----                      -------------

Japes the Novice                St:18/02 Dx:14 Co:11 In:11 Wi:13 Ch:7  Lawful
Dlvl:4  $:41 HP:0(27) Pw:15(15) AC:4  Xp:3/44 T:1069 

Latest messages:
 You see here a violet gem.
 x - a violet gem.
 $ - 2 gold pieces (41 in total).
 You see here 9 shuriken.
 y - 9 shuriken.
 You are beginning to feel hungry.
 You find a hidden passage.
 What do you want to eat? [efghr or ?*]
 This orange is delicious!
 What do you want to eat? [efghr or ?*]
 This banana is delicious!
 You hear the footsteps of a guard on patrol.
 You destroy the gnome zombie!
 This door is locked.
 This door is locked.
 In what direction?
 As you kick the door, it crashes open!
 You see here a brown potion.
 A - a brown potion.
 You see here a potion of healing.
 You learn more about your items by comparing them.
 d - an uncursed potion of healing (5 in total).
 You try to move the boulder, but in vain.
 You hear the footsteps of a guard on patrol.
 You see here a large box.
 Hmmm, the large box turns out to be locked.
 You kill the gecko!
 You hit the floating eye!
 You are frozen by the floating eye's gaze!
 The gecko bites!
 The gecko bites!
 The gecko bites!
 The gecko bites!
 The gecko bites!
 The gecko bites!
 The gecko just misses!
 The gecko just misses!
 The gecko bites!
 The gecko bites!
 The gecko bites!
 The gecko bites!
 The gecko bites!
 The gecko bites!
 The gecko bites!
 The gecko bites!
 The gecko bites!
 The gecko bites!
 You die...
 Do you want your possessions identified? [ynq] (y)
 Do you want to see your attributes? [ynq] (y)

Inventory:
 Coins    ('$')
  $ - 41 gold pieces
 Weapons  (')')
  y - 9 +0 shuriken
  o - a blessed +0 knife
  s - a blessed +1 glaive
 Armor    ('[')
  a - an uncursed +2 pair of leather gloves (being worn)
  b - an uncursed +1 robe (being worn)
 Comestibles  ('%')
  f - 5 uncursed apples
  e - 5 uncursed food rations
  h - 4 uncursed fortune cookies
  g - 5 uncursed oranges
 Scrolls  ('?')
  j - an uncursed scroll of confuse monster
  w - an uncursed scroll of enchant weapon
  c - an uncursed scroll of identify
 Spellbooks  ('+')
  i - a blessed spellbook of confuse monster
  m - an uncursed spellbook of jumping
 Potions  ('!')
  A - a blessed potion of blindness
  n - a cursed potion of booze
  u - an uncursed potion of hallucination
  d - 5 uncursed potions of healing
 Rings    ('=')
  p - an uncursed ring of free action
 Wands    ('/')
  v - a wand of striking (0:5)
 Tools    ('(')
  l - a cursed magic lamp
 Gems/Stones  ('*')
  t - an uncursed worthless piece of orange glass
  x - an uncursed worthless piece of violet glass

Japes the Monk's attributes:

Background:
 You were a Novice, a level 3 male human Monk.
 You were lawful, on a mission for Shan Lai Ching
 who was opposed by Chih Sung-tzu (neutral) and Huan Ti (chaotic).
 You were right-handed.
 You were in the Dungeons of Doom, on level 4.
 You entered the dungeon 1069 turns ago.
 You had 44 experience points, 36 more were needed to attain level 4.

Basics:
 You had 0 out of 27 hit points.
 You had all 15 energy points (spell power).
 Your armor class was 4.
 Your wallet contained 41 zorkmids.
 Autopickup was on for '$' plus thrown.

Final Characteristics:
 Your strength was 18/02 (limit:18/100).
 Your dexterity was 14 (limit:18).
 Your constitution was 11 (limit:18).
 Your intelligence was 11 (limit:18).
 Your wisdom was 13 (limit:18).
 Your charisma was 7 (limit:18).

Final Status:
 You weren't hungry.
 You were unencumbered.
 You were empty handed.
 You had basic skill with martial arts.

Final Attributes:
 You were devoutly aligned.
 You were sleep resistant.
 You were poison resistant.
 You saw invisible.
 You were guarded.
 Your spell casting was enhanced by wearing a robe.
 You were fast.
 You are dead.

Miscellaneous:
 You didn't encounter any bones levels.
 Total elapsed playing time was 12 minutes and 51 seconds.

Major events:
 Turn
    1: Japes the lawful male human Monk entered the dungeon
  501: entered the Gnomish Mines
  886: attained the rank of Novice (level 3)
 1069: killed by a gecko, while frozen by a floating eye's gaze

Spells:
 Name                 Level Category     Fail Retention
 confuse monster        1   enchantment    0%  76%-100%

Skills:
 Fighting Skills
   martial arts       [Basic]
 Weapon Skills
   quarterstaff       [Unskilled]
   spear              [Unskilled]
   crossbow           [Unskilled]
   shuriken           [Unskilled]
 Spellcasting Skills
   attack spells      [Unskilled]
   healing spells     [Basic]
   divination spells  [Unskilled]
   enchantment spells [Unskilled]
   clerical spells    [Unskilled]
   escape spells      [Unskilled]
   matter spells      [Unskilled]

Voluntary challenges:
 Character rerolling was not enabled.
 You followed a strict vegan diet.
 You never hit with a wielded weapon.
 You never genocided any monsters.
 You never polymorphed an object.
 You never changed form.
 You used no wishes.
Achievements:
 You entered the Gnomish Mines.
 You entered a shop.
 You attained the rank of Novice.

 The Dungeons of Doom: levels 1 to 4
    Level 1:
       Some fountains, a sink.
    Level 2:
       An altar to Shan Lai Ching.
    Level 3:
       A food shop.
       Stairs down to The Gnomish Mines.
    Level 4: <- You were here.
       Final resting place for
          you, killed by a gecko, while frozen by a floating eye's gaze.
 The Gnomish Mines:
    Level 4:


Vanquished creatures:
 an acid blob
  a giant rat
  a gnome
  a gnome zombie
  2 geckos
  4 jackals
  a fox
  2 kobolds
  2 lichens
  a kobold zombie
  3 newts
19 creatures vanquished.

No species were genocided or became extinct.

Game over:
                       ----------
                      /          \
                     /    REST    \
                    /      IN      \
                   /     PEACE      \
                  /                  \
                  |      Japes       |
                  |      41 Au       |
                  |   killed by a    |
                  |      gecko       |
                  |                  |
                  |                  |
                  |       2026       |
                 *|     *  *  *      | *
        _________)/\\_//(\/(/\)/\//\/|_)_______

Goodbye Japes the Monk...

You died in The Dungeons of Doom on dungeon level 4 with 363 points,
and 41 pieces of gold, after 1069 moves.
You were level 3 with a maximum of 27 hit points when you died.

